 Dungeon Crawl Stone Soup version 0.28.0-43-g3370ac3207 (webtiles) character file.

Game seed: 4017546208583520665

1437 maissbert the Ruffian (level 8, -21/78 HPs)
             Began as a Troll Monk on Feb 28, 2022.
             Was a High Priest of Jiyva.
             Demolished by a death knight
             ... wielding a +1 morningstar
              (23 damage)
             ... on level 6 of the Dungeon on Mar 1, 2022.
             The game lasted 01:01:19 (3746 turns).

maissbert the Ruffian (Troll Monk)                  Turns: 3746, Time: 01:01:33

Health: -21/78     AC:  6    Str: 20    XL:     8   Next: 45%
Magic:  9/9        EV: 15    Int:  6    God:    Jiyva [*****.]
Gold:   115        SH:  0    Dex: 14    Spells: 10/10 levels left

rFire   . . .      SeeInvis .   t - +2 quarterstaff (chaos)
rCold   . . .      Faith    .   (shield currently unavailable)
rNeg    . . .      Spirit   .   a - +2 robe
rPois   +          Reflect  .   (helmet unavailable)
rElec   .          Harm     .   u - +0 cloak
rCorr   +          Rampage  .   (gloves unavailable)
Will    .....      Clarity  +   (boots unavailable)
Stlth   ++........              q - amulet of magic regeneration
HPRegen 2.47/turn               h - +4 ring of evasion
MPRegen 0.96/turn               (no ring)

@: no status effects
A: large, unfitting armour, claws 3, regeneration 1, shaggy fur 1, tough skin 1,
horns 3, agile 1, clarity, poison resistance, weak 1, pseudopods 1
a: Renounce Religion, Oozemancy, Slimify


You were on level 6 of the Dungeon.
You worshipped Jiyva.
Jiyva was extremely pleased with you.
You visited 1 branch of the dungeon, and saw 6 of its levels.
You also visited: Sewer.

You collected 115 gold pieces.

Inventory:

Hand Weapons
 b - a +1 dagger of holy wrath
 r - a +2 vorpal flail
 s - a +2 flail of protection
 t - a +2 quarterstaff of chaos (weapon)
 x - a +2 dagger of venom
Missiles
 f - 17 sling bullets
 n - 44 arrows
 v - 3 stones
Armour
 a - a +2 robe (worn)
 i - the +2 leather armour "Hitot" {rF+ Will- rCorr Str+6}
   (You found it on level 2 of the Dungeon)

   Str:       It affects your strength (+6).
   rF:        It protects you from fire.
   rCorr:     It protects you from acid and corrosion.
   Will:      It decreases your willpower.
 p - a +0 scale mail
 u - a +0 cloak (worn)
 w - a +1 leather armour of poison resistance
Magical Staves
 j - a staff of earth
 k - a staff of fire
Jewellery
 h - a +4 ring of evasion (left claw)
 q - an amulet of magic regeneration (around neck)
Wands
 l - a wand of flame (25) (quivered)
Scrolls
 c - a scroll of blinking
 e - 4 scrolls of identify
 g - 3 scrolls of enchant armour
Potions
 m - 2 potions of heal wounds


   Skills:
 * Level 4.1 Fighting
 - Level 0.6(1.3) Short Blades
 - Level 1.8(1.9) Long Blades
 * Level 1.0 Staves
 * Level 2.2 Armour
 * Level 3.6 Dodging
 - Level 1.0 Stealth
 - Level 5.7 Unarmed Combat
 * Level 1.5 Spellcasting
 * Level 1.8 Fire Magic
 * Level 2.3 Earth Magic
 * Level 2.1 Evocations


You had 10 spell levels left.
You didn't know any spells.
Your spell library was empty.

Dungeon Overview and Level Annotations

Branches:
Dungeon (6/15)              Sewer (visited)
 Temple: D:4-7

Altars:
Gozag
Jiyva

Shops:
D:6 ?


Innate Abilities, Weirdness & Mutations

You are too large for most types of armour.
You have claws for hands.
Your natural rate of healing is unusually fast.
You are covered in fur. (AC +1)
You have tough skin. (AC +1)
You have a pair of large horns on your head.
You are agile. (Dex +2)
You possess an exceptional clarity of mind.
Your system is resistant to poisons. (rPois)
You are weak. (Str -2)
Armour fits poorly on your pseudopods.


Message History

A death knight comes into view. It is wielding a +1 morningstar.
The death knight shouts!
Press: ? - help, v - describe, . - travel A granite statue.
Aiming: Throw Flame
Press: ? - help, Q - select action, (/) - cycle Shift-Dir - straight line, f - death knight
Aim: a death knight, wielding a +1 morningstar and wearing a +0 chain mail (71% to hit)
The puff of flame hits the death knight but does no damage.
You hit the death knight.
You headbutt the death knight, but do no damage.
The death knight is lightly wounded.
The death knight hits you with a +1 morningstar.
The death knight barely misses you.
You hit the death knight but do no damage.
You bludgeon the death knight, but do no damage.
The death knight is lightly wounded.
The death knight closely misses you.
You hit the death knight. You drain the death knight.
Your headbutt misses the death knight.
The death knight is lightly wounded.
The death knight barely misses you.
You hit the death knight.
The death knight seems to grow stronger.
You bludgeon the death knight.
The death knight is lightly wounded.
The death knight hits you with a +1 morningstar.
You hit the death knight. You burn the death knight.
You bludgeon the death knight, but do no damage.
The death knight is moderately wounded.
The death knight hits you with a +1 morningstar!!!
Ouch! That really hurt!
You shudder from the blow and a flood of jellies pours out from you!
You hear a bark!
You hit the death knight. You burn the death knight.
The death knight is moderately wounded.
The death knight hits you with a +1 morningstar!!
* * * LOW HITPOINT WARNING * * *
You shudder from the blow and a jelly pops out!
The death knight hits you with a +1 morningstar!!
You die...

#............## ##.#
#....#.....#).## #.##
#....##...##...## ##.#
.....###.###....# #.##
..###.##.##.###.# #..#
..###.#.#.###..# #..##
...####.####.J######## #...##
.......8......J.J......#....##
...####.####.J@####.
#.).....## ..###.#.#.###.p#
##.....<.. .###.##.##.###.#
#........ ....###.###....#
#........ ....##...##...##
#........ ....#.....#.....
#........ ##...###.......
#........ ##...#. ###......
#### ##.....


You could see a death knight (strong, drained, ally target), a friendly azure
jelly (summoned) and 3 friendly rockslimes.

Vanquished Creatures
  Eustachio (D:5)
  Edmund (D:5)
  An ice beast (D:5)
  2 sky beasts (D:6)
  A black bear (D:4)
  An ogre (D:4)
  A centaur (D:6)
  A scorpion (D:4)
  A wyvern zombie (D:5)
  A water moccasin skeleton (D:5)
  3 jellies (D:5)
  An orc priest (D:6)
  Crazy Yiuf (D:5)
  A hound (D:4)
  3 iguanas
  An orc wizard (D:6)
  4 gnolls (D:5)
  3 adders
  A river rat (D:5)
  A worm (D:4)
  2 dart slugs
  4 orcs
  6 ball pythons
  2 bats (D:2)
  A giant cockroach (D:2)
  9 goblins
  7 hobgoblins
  3 jackals (D:1)
  2 quokkas (D:4)
  A frilled lizard (D:1)
  6 kobolds
  3 rats
76 creatures vanquished.

Vanquished Creatures (collateral kills)
  A shadow (D:6)
  Ijyb (D:4)
2 creatures vanquished.

Vanquished Creatures (others)
  A black bear (D:5)
  A centaur (D:6)
  Blork the orc (D:5)
  2 centaur zombies (D:6)
  A bullfrog skeleton (D:5)
  2 hounds
  13 jellies
  An orc wizard (D:6)
  A worm (D:2)
  2 dart slugs
  An endoplasm (D:2)
  10 orcs
  A bat (D:2)
  A giant cockroach (D:2)
  12 goblins
  6 hobgoblins
  A quokka (D:3)
  2 ball pythons (D:3)
  2 frilled lizards (D:3)
  3 kobolds
  A rat (D:2)
  A fungus (D:5)
  14 plants (D:3)
80 creatures vanquished.

Grand Total: 158 creatures vanquished

Notes
Turn   | Place    | Note
-------+----------+-------------------------------------------
     0 | D:1      | maissbert the Troll Monk began the quest for the Orb.
     0 | D:1      | Reached XP level 1. HP: 22/22 MP: 0/0
    22 | D:1      | Found a faded altar of an unknown god.
    32 | D:1      | Prayed at the altar of an unknown god.
    32 | D:1      | Became a worshipper of Jiyva Juucrapt the Shapeless
    32 | D:1      | Reached * piety under Jiyva
    32 | D:1      | Reached ** piety under Jiyva
    87 | D:1      | Reached XP level 2. HP: 29/29 MP: 1/1
    97 | D:1      | Reached *** piety under Jiyva
   334 | D:1      | Gained mutation: Your system is resistant to poisons.
                  | (rPois) [Jiyva's grace]
   334 | D:1      | Gained mutation: You have acidic saliva. [Jiyva's grace]
   334 | D:1      | Gained mutation: Armour fits poorly on your pseudopods.
                  | [Jiyva's grace]
   334 | D:1      | Gained mutation: Armour fits poorly on your large
                  | pseudopods. [Jiyva's grace]
   602 | D:2      | Reached XP level 3. HP: 36/36 MP: 2/2
   657 | D:2      | Reached **** piety under Jiyva
   705 | D:2      | Identified the +2 leather armour "Hitot" {rF+ Will- rCorr
                  | Str+6}
  1325 | D:3      | Reached ***** piety under Jiyva
  1534 | D:3      | Reached XP level 4. HP: 45/45 MP: 3/3
  1859 | D:4      | Noticed a scorpion
  1879 | D:4      | Killed a scorpion
  1990 | D:4      | Noticed a black bear
  1991 | D:4      | Lost mutation: You have acidic saliva. [potion of mutation]
  1991 | D:4      | Lost mutation: Armour fits poorly on your large pseudopods.
                  | [potion of mutation]
  1991 | D:4      | Gained mutation: You have a pair of small horns on your
                  | head. [potion of mutation]
  1991 | D:4      | Gained mutation: You are weak. (Str -2) [potion of
                  | mutation]
  2004 | D:4      | Killed a black bear
  2005 | D:4      | Reached skill level 4 in Unarmed Combat
  2005 | D:4      | Reached skill level 1 in Evocations
  2005 | D:4      | Reached XP level 5. HP: 42/53 MP: 4/4
  2121 | D:4      | Gained mutation: You have a pair of horns on your head.
                  | [Jiyva's grace]
  2121 | D:4      | Gained mutation: You have a pair of large horns on your
                  | head. [Jiyva's grace]
  2121 | D:4      | Gained mutation: You possess an exceptional clarity of
                  | mind. [Jiyva's grace]
  2121 | D:4      | Gained mutation: You are agile. (Dex +2) [Jiyva's grace]
  2299 | D:4      | Reached skill level 1 in Armour
  2299 | D:4      | Reached skill level 1 in Earth Magic
  2299 | D:4      | Reached XP level 6. HP: 61/61 MP: 6/6
  2510 | D:4      | Noticed Ijyb
  2517 | D:4      | Killed Ijyb
  2535 | D:4      | Found an opulent altar of Gozag.
  2872 | D:5      | Entered Level 5 of the Dungeon
  2872 | D:5      | Noticed Eustachio
  2884 | D:5      | Killed Eustachio
  2885 | D:5      | Reached skill level 1 in Spellcasting
  2885 | D:5      | Reached skill level 1 in Fire Magic
  2885 | D:5      | Reached XP level 7. HP: 37/68 MP: 7/7
  2893 | D:5      | Reached skill level 1 in Long Blades
  2931 | D:5      | Noticed Edmund
  2938 | D:5      | Killed Edmund
  2949 | D:5      | Killed Blork the orc
  2995 | D:5      | Found a glowing drain.
  3004 | Sewer    | Entered a sewer
  3089 | D:5      | Reached skill level 5 in Unarmed Combat
  3229 | D:5      | Found a runed translucent door.
  3230 | D:5      | Noticed Crazy Yiuf
  3241 | D:5      | Killed Crazy Yiuf
  3290 | D:5      | Was placed under penance by Jiyva
  3364 | D:6      | Reached XP level 8. HP: 59/78 MP: 7/9
  3561 | D:6      | Found Netse's Magic Scroll Boutique.
  3616 | D:6      | Was forgiven by Jiyva
  3717 | D:6      | Reached skill level 1 in Staves
  3725 | D:6      | Noticed a death knight
  3746 | D:6      | HP: 2/78 [death knight/+1 morningstar (31)]
  3746 | D:6      | Demolished by a death knight

Illustrated notes

Levels and vault maps discovered:
D:1:      dpeg_arrival_rooms_b, layout_rooms, ebering_ecumenical_altar_rust
D:2:      minmay_chambers_of_twos, layout_rooms
D:3:      cheibrodos_greedy_goblins, layout_loops_corners, grunt_ministairs_15,
          guppyfry_early_lair_pool
D:4:      layout_cave_pods, nicolae_overflow_hidden_temple, uniq_ijyb
D:5:      layout_basic, portal_sewer_entry_b, uniq_edmund, uniq_blork_the_orc,
          uniq_crazy_yiuf_cottage, uniq_eustachio
D:6:      layout_cave_pods, marbit_many_paths, minmay_temple_entry_sparse_star,
          serial_shops, shop, palyth_stone_intersect, kb_rosetta

Skill      XL: |  1  2  3  4  5  6  7  8 |
---------------+-------------------------+-----
Fighting       | 3 4 |  4.1
Unarmed Combat | 4 5 |  5.7
Evocations     | 1 2 |  2.1
Armour         | 1 2 |  2.2
Dodging        | 3 |  3.6
Earth Magic    | 1 2 |  2.3
Spellcasting   | 1 |  1.5
Fire Magic     | 1 |  1.8
Long Blades    | 1 |  1.8
Staves         | 1 |  1.0
Short Blades   | |  0.6
Stealth        | |  1.0

Action                   |  1- 3 |  4- 6 |  7- 9 || total
-------------------------+-------+-------+-------++-------
Melee: Unarmed           |    43 |    29 |    41 ||   113
       Dagger            |    60 |    31 |       ||    91
       Pseudopods        |    12 |    12 |    21 ||    45
       Bite              |     5 |     3 |       ||     8
       Punch             |     3 |     2 |       ||     5
       Headbutt          |       |     6 |    19 ||    25
       Quarterstaff      |       |       |    50 ||    50
Evoke: Wand              |       |     1 |    13 ||    14
  Use: Scroll            |     5 |       |       ||     5
       Potion            |       |     5 |       ||     5
 Stab: Sleeping          |     2 |     1 |       ||     3
       Distracted        |       |     1 |       ||     1
Armor: Robe              |    32 |    21 |    24 ||    77
Dodge: Dodged            |    46 |    62 |    43 ||   151
